AoeStats
← FrankSinatrap

Arabia

509817154Analyzed
1v1 RM · 4d ago on Sep 28, 2026· 29m 1s· 2 players
Game mode
Random Map
Map size
Tiny (2 player)
Population
200
Speed
Normal
Resources
Standard
Victory
Conquest
Starting age
Dark Age
Ending age
Imperial Age
RankedLock teamsTeams togetherTeam positionsShared explorationLock speedFull tech treeHidden civsTurbo modeCheats
Victory
Defeat
🇨🇴 Varangians · Colombia
1248
+15
🇲🇽 Vikings · Mexico
1221
-29
FrankSinatrap
6:37 Loom
10:00 Feudal Age
10:03 Man-at-Arms
11:53 Double-Bit Axe
16:09 Fletching
18:00 Padded Archer Armor
25:15 Castle Age
26:35 Gold Mining
27:38 Bodkin Arrow
27:08 Crossbowman
NaitoMare02
6:27 Loom
9:40 Feudal Age
9:41 Man-at-Arms
10:09 Double-Bit Axe
14:21 Fletching
17:25 Bloodlines
19:15 Scale Barding Armor
20:52 Padded Archer Armor
22:20 Wheelbarrow
25:50 Castle Age
25:09 Forging
26:54 Chain Barding Armor
26:50 Town Watch
27:10 Crossbowman
27:46 Bodkin Arrow
28:22 Husbandry
Connection lost

Rejoining the realm…

Still unreachable

The connection could not be restored.

Session expired

The server has moved on; the page needs a fresh start.